 Dungeon Crawl Stone Soup version 0.21-a0-578-gc6e9d75 (webtiles) character file.

2170 galech the Grappler (level 9, 0/84 HPs)
             Began as a Troll Monk on Dec 18, 2017.
             Was a Priest of Okawaru.
             Slain by a two-headed ogre
             ... wielding a +0 giant club
              (31 damage)
             ... on level 9 of the Dungeon.
             The game lasted 00:11:39 (6886 turns).

galech the Grappler (Troll Monk)                    Turns: 6886, Time: 00:11:40

Health: 0/84       AC:  8    Str: 24    XL:     9   Next: 11%
Magic:  8/8        EV: 12    Int:  6    God:    Okawaru [***...]
Gold:   750        SH:  0    Dex: 12    Spells: 8/8 levels left

rFire    + . .     SeeInvis .     - Unarmed
rCold    + . .     Gourm    +   (no shield)
rNeg     . . .     Faith    .   t - +2 robe {rC+ rF+}
rPois    .         Spirit   .   (helmet restricted)
rElec    .         Reflect  .   D - +0 cloak
rCorr    .         Harm     .   (gloves unavailable)
MR       .....                  (boots unavailable)
Stlth    ++........             (no amulet)
HPRegen  0.64/turn              (no ring)
MPRegen  0.11/turn              (no ring)

@: no status effects
A: large, unfitting armour, claws 3, fast metabolism 3, gourmand, regeneration
1, shaggy fur 1, tough skin 2
a: Heroism, Renounce Religion


You were on level 9 of the Dungeon.
You worshipped Okawaru.
Okawaru was most pleased with you.
You were very full.

You visited 2 branches of the dungeon, and saw 10 of its levels.
You also visited: Sewer and Ossuary.

You collected 750 gold pieces.

Inventory:

Armour
 t - a +2 robe of resistance (worn)
 D - a +0 cloak (worn)
Jewellery
 B - the amulet of the Air {Inacc +Fly rElec EV+5 RMsl}
   (You found it on level 5 of the Dungeon)

   [amulet of inaccuracy]

   It reduces the accuracy of all your attacks.
   It affects your evasion (+5).
   It insulates you from electricity.
   It lets you fly.
   It protects you from missiles.
Wands
 y - a wand of scattershot (7)
 G - a wand of polymorph (10)
Scrolls
 c - 5 scrolls of remove curse {unknown}
 d - a scroll of random uselessness {unknown}
 g - a scroll of amnesia {unknown}
 i - 7 scrolls of teleportation {unknown}
 k - 2 scrolls of magic mapping {unknown}
 l - 7 scrolls of identify {unknown}
 m - a scroll of noise {unknown}
 n - 2 scrolls of fear {unknown}
 q - 2 scrolls of fog {unknown}
 u - 2 scrolls of enchant armour {unknown}
 v - 2 scrolls of immolation {unknown}
 F - a scroll of enchant weapon {unknown}
Potions
 a - a potion of berserk rage {unknown}
 e - 3 potions of magic {unknown}
 f - 5 potions of curing {unknown}
 h - a potion of invisibility {unknown}
 j - 4 potions of heal wounds {unknown}
 o - 2 potions of mutation {unknown}
 p - 3 potions of lignification {unknown}
 r - 2 potions of brilliance {unknown}
 s - a potion of agility {unknown}
 w - a potion of might {unknown}
 x - a potion of resistance {unknown}
 z - a potion of cancellation {unknown}
 A - a potion of ambrosia {unknown}
 C - a potion of degeneration {unknown}
 E - a potion of haste {unknown}
Comestibles
 b - 11 rations


   Skills:
 + Level 3.7 Fighting
 + Level 4.8 Dodging
 + Level 3.1 Stealth
 + Level 9.7 Unarmed Combat


You had 8 spell levels left.
You didn't know any spells.

Dungeon Overview and Level Annotations

Branches:
Dungeon (9/15)             Temple (1/1) D:5
   Lair: D:8-11         Orc: D:9-12

Altars:
Ashenzari
Cheibriados
Dithmenos
Elyvilon
Fedhas
Gozag
Hepliaklqana
Kikubaaqudgha
Makhleb
Nemelex Xobeh
Okawaru
Qazlal
Ru
Sif Muna
Trog
Uskayaw
Vehumet
Wu Jian
Xom
Yredelemnul
Zin
The Shining One


Innate Abilities, Weirdness & Mutations

You are too large for most types of armour.
You have claws for hands.
Your metabolism is lightning-fast.
You like to eat raw meat.
Your natural rate of healing is unusually fast.
You are covered in fur. (AC +1)
You have very tough skin. (AC +2)


Message History

The two-headed ogre hits you with a giant club!!
The two-headed ogre hits you with a giant club!
You are too injured to fight recklessly!
You are too injured to fight recklessly!
You are too injured to fight recklessly!
You are too injured to fight recklessly!
You are too injured to fight recklessly!
You are too injured to fight recklessly!
You are too injured to fight recklessly!
You are too injured to fight recklessly!
You are too injured to fight recklessly!
You are too injured to fight recklessly!
You are too injured to fight recklessly!
You are too injured to fight recklessly!
You closely miss the two-headed ogre.
The two-headed ogre is moderately wounded.
You barely miss the two-headed ogre.
The two-headed ogre is moderately wounded.
The two-headed ogre hits you with a giant club!!
You die...

.............#############.
...................>...<...
........###......#.......#.
........#.+......#.#.......
........#.#......# #....##.
........#.#......# ####....
#.........#....... ....#
#.........#....... ####.
####.#....@O.....#
#.............#
................
...........##...#
............ ..#
..........<.# .#
............ # ............


You could see a two-headed ogre.

Vanquished Creatures
  2 ice beasts
  A sky beast (D:7)
  A hornet zombie (D:8)
  5 ogres
  A phantom (D:7)
  Blork the orc (D:4)
  3 bullfrogs
  2 scorpions
  A howler monkey (D:6)
  2 crimson imps
  A centaur zombie (D:8)
  A quasit (D:9)
  3 hounds
  2 orc priests
  2 bullfrog skeletons
  An orc wizard (D:3)
  6 worker ants
  A killer bee zombie (D:6)
  9 mummies
  7 river rats
  6 adders
  2 shadow imps
  2 adder skeletons
  2 worms
  3 dart slugs
  4 leopard geckos
  14 orcs
  5 ball pythons
  4 bats
  12 giant cockroaches
  10 goblins
  10 hobgoblins
  10 jackals
  4 kobolds
  2 quokkas
  10 frilled lizards
  A giant cockroach zombie (D:4)
  3 hobgoblin zombies (Ossuary)
  A kobold zombie (Ossuary)
  4 orc zombies (Ossuary)
  10 rats
171 creatures vanquished.

Vanquished Creatures (others)
  A plant (D:9)
1 creature vanquished.

Grand Total: 172 creatures vanquished

Notes
Turn   | Place    | Note
-------+----------+-------------------------------------------
     0 | D:1      | galech the Troll Monk began the quest for the Orb.
     0 | D:1      | Reached XP level 1. HP: 22/22 MP: 0/0
   276 | D:1      | Reached XP level 2. HP: 29/29 MP: 1/1
   921 | D:2      | Reached XP level 3. HP: 20/36 MP: 2/2
  1004 | D:2      | Found a shimmering altar of Xom.
  1567 | D:2      | Reached XP level 4. HP: 44/44 MP: 3/3
  1845 | D:3      | Reached skill level 4 in Unarmed Combat
  2140 | D:3      | Reached XP level 5. HP: 47/52 MP: 4/4
  2148 | D:3      | Found a glowing drain.
  2163 | Sewer    | Entered a sewer
  2680 | D:3      | Reached skill level 5 in Unarmed Combat
  2862 | D:3      | Reached XP level 6. HP: 59/59 MP: 5/5
  3271 | D:4      | Found a bloodstained altar of Trog.
  3404 | D:4      | Noticed Blork the orc
  3415 | D:4      | Killed Blork the orc
  3433 | D:4      | Found a sand-covered staircase.
  3439 | D:4      | Reached skill level 6 in Unarmed Combat
  3472 | Ossuary  | Entered an ossuary
  3591 | Ossuary  | Reached XP level 7. HP: 67/67 MP: 6/6
  4196 | D:5      | Entered Level 5 of the Dungeon
  4301 | D:5      | Reached skill level 7 in Unarmed Combat
  4488 | D:5      | Found the amulet of the Air {Inacc +Fly rElec EV+5 RMsl}
  4726 | D:5      | Found a staircase to the Ecumenical Temple.
  4739 | Temple   | Entered the Ecumenical Temple
  4746 | Temple   | Became a worshipper of Warmaster Okawaru
  4746 | Temple   | Reached * piety under Okawaru
  4746 | Temple   | Reached ** piety under Okawaru
  4915 | D:6      | Reached XP level 8. HP: 68/75 MP: 7/7
  5163 | D:6      | Reached skill level 8 in Unarmed Combat
  5724 | D:7      | Found a blossoming altar of Fedhas.
  5986 | D:7      | Reached *** piety under Okawaru
  5986 | D:7      | Reached skill level 9 in Unarmed Combat
  6485 | D:8      | Reached XP level 9. HP: 77/84 MP: 8/8
  6745 | D:8      | Found a sparkling altar of Nemelex Xobeh.
  6881 | D:9      | Noticed a two-headed ogre
  6886 | D:9      | Slain by a two-headed ogre

Vault maps used:
D:1:      minmay_arrival_nine_rooms, minmay_splitting_lines
D:2:      lemuel_coloured_pillars_altar
D:3:      gup_sewer_entry_spiral
D:4:      nicolae_overflow_hidden_temple, gup_ossuary_entry_pyramid,
          uniq_blork_the_orc
D:5:      minmay_temple_entry_large_hall, first_ration,
          minmay_misc_feat_ornament, kennysheep_generic_room_15
D:7:      kennysheep_mini
D:8:      lemuel_crystal_altar
D:9:      dpeg_oklobed_lair, orc_david_3, uniq_psyche
Temple:   nicolae_temple_no_exploring_needed
Sewer:    sewer_co_cracked_pipes
Ossuary:  ossuary_tomb_3

Skill      XL: |  1  2  3  4  5  6  7  8 |
---------------+-------------------------+-----
Dodging        | 3 4 |  4.8
Unarmed Combat | 4 5 6 7 9 |  9.7
Fighting       | 3 |  3.7
Stealth        | 2 3 |  3.1

Action                   |  1- 3 |  4- 6 |  7- 9 || total
-------------------------+-------+-------+-------++-------
Melee: Unarmed           |    87 |   266 |   171 ||   524
       Punch             |       |     5 |     6 ||    11
 Stab: Distracted        |     1 |     3 |       ||     4
       Sleeping          |     1 |     3 |    14 ||    18
  Eat: Chunk             |    20 |    19 |    28 ||    67
Armor: Robe              |    19 |    56 |    34 ||   109
Dodge: Dodged            |    29 |   124 |    68 ||   221

Table legend:
 A = Spawn XP
 B = Non-spawn XP
 C = Spawn XP percentage of total XP
 D = Spawn monster count
 E = Non-spawn monster count
 F = Spawn count percentage of total count
 G = Total turns spent on level
                    A         B        C        D         E        F      G
               +---------+---------+-------+---------+---------+-------+---------
         Total |       0 |    3101 |   0.0 |       0 |     171 |   0.0 |  6886
               +---------+---------+-------+---------+---------+-------+---------
           D:1 |       0 |      28 |   0.0 |       0 |      13 |   0.0 |   849
           D:2 |       0 |      84 |   0.0 |       0 |      24 |   0.0 |   995
           D:3 |       0 |     232 |   0.0 |       0 |      43 |   0.0 |   858
           D:4 |       0 |     203 |   0.0 |       0 |      11 |   0.0 |   879
           D:5 |       0 |     561 |   0.0 |       0 |      15 |   0.0 |   595
           D:6 |       0 |     325 |   0.0 |       0 |       9 |   0.0 |   696
           D:7 |       0 |    1013 |   0.0 |       0 |      15 |   0.0 |   684
           D:8 |       0 |     391 |   0.0 |       0 |       7 |   0.0 |   658
           D:9 |       0 |      45 |   0.0 |       0 |       1 |   0.0 |    42
         Sewer |       0 |      69 |   0.0 |       0 |      17 |   0.0 |   360
       Ossuary |       0 |     150 |   0.0 |       0 |      16 |   0.0 |   255
               +---------+---------+-------+---------+---------+-------+---------
